 Dungeon Crawl Stone Soup version 0.31-a0-1237-gabc64e778c (webtiles) character file.

Game seed: 7709024221752055454

79 MisterAzrael the Shield-Bearer (level 4, -1/40 HPs)
             Began as a Hill Orc Fighter on Dec 16, 2023.
             Killed from afar by an orc wizard (3 damage)
             ... with a puff of flame
             ... on level 2 of the Dungeon.
             The game lasted 00:03:00 (1744 turns).

MisterAzrael the Shield-Bearer (Hill Orc Fighter)   Turns: 1744, Time: 00:03:01

Health: -1/40      AC:  6    Str: 20    XL:     4   Next: 37%
Magic:  4/4        EV:  9    Int:  8    God:
Gold:   114        SH:  4    Dex: 10    Spells: 3/3 levels left

rFire   . . .        a - +0 war axe
rCold   . . .        c - +0 buckler
rNeg    . . .        b - +0 scale mail
rPois   .            (no helmet)
rElec   .            (no cloak)
rCorr   .            (no gloves)
SInv    .            (no boots)
Will    .....        (no amulet) Stlth
                     (no ring)
HPRegen 0.26/turn    (no ring)
MPRegen 0.09/turn

%: no passive effects
@: no status effects
A: no striking features
a: no special abilities


You were on level 2 of the Dungeon.
You visited 1 branch of the dungeon, and saw 2 of its levels.

You collected 114 gold pieces.

Inventory:

Hand Weapons
 a - a +0 war axe (weapon)
Missiles
 h - 3 curare-tipped darts
 j - 3 datura-tipped darts
Armour
 b - a +0 scale mail (worn)
 c - a +0 buckler (worn)
Scrolls
 e - 4 scrolls of identify {unknown}
 f - a scroll of amnesia {unknown}
 k - a scroll of torment {unknown}
 l - a scroll of poison {unknown}
 m - a scroll of noise {unknown}
Potions
 d - a potion of might
 g - 2 potions of enlightenment {unknown}
 i - 3 potions of attraction {unknown}
 n - a potion of curing {unknown}
 o - a potion of invisibility {unknown}


   Skills:
 - Level 4.0 Fighting
 + Level 4.2 Axes
 - Level 3.6 Armour
 + Level 4.3 Shields


You had 3 spell levels left.
You didn't know any spells.
Your spell library was empty.

Dungeon Overview and Level Annotations

Branches:
Dungeon (2/15)

Altars:

Shops:
D:1 *


Message History

A magic dart appears from out of thin air!
The magic dart hits you!
You hit something. Something hits you.
You closely miss something.
You hear some strange, mumbled words.
A magic dart appears from out of thin air!
The magic dart hits you.
You miss something.
You hear some strange, mumbled words.
You are confused.
Something hits you but does no damage.
You bump into the granite statue.
You hear some strange, mumbled words.
A puff of flame appears from out of thin air!
The puff of flame hits you!
* * * LOW HITPOINT WARNING * * *
Things that are here:
a +0 dagger; a +0 leather armour You miss something.
Something hits you but does no damage. Something hits you.
* * * LOW HITPOINT WARNING * * *
Something hits you but does no damage.
You're too confused to move!
You feel less confused. Something hits you.
* * * LOW HITPOINT WARNING * * *
You hear some strange, mumbled words.
Something tries to affect you, but you resist.
There is a broken door here.
Something hits you but does no damage.
You miss something.
You hear some strange, mumbled words.
A puff of flame appears from out of thin air!
The puff of flame hits you!
* * * LOW HITPOINT WARNING * * *
You hit something but do no damage.
You hear some strange, mumbled words.
A puff of flame appears from out of thin air!
The puff of flame hits you.
You die...

#.#####.......' ###. #.#
..#....... #. #.# '......
#. #.# .... ##
#.########)######### #
#.##....#).)##.#...# #
#.##.####8.8#......# #
#.##.# #.{.#......#### #
#.##.#####@##.........# #
#........#'#...##.###.#####
####.#####.#...##..........
#.# #.....######.#####
#.#######..........#
#..รท......#.########
###########.#
#..........#####
#.#######..#...##


There were no monsters in sight!

Vanquished Creatures
  An adder (D:2)
  2 worms (D:2)
  A dart slug (D:1)
  3 orcs (D:2)
  6 bats
  5 endoplasms
  3 giant cockroaches (D:1)
  6 goblins
  3 hobgoblins
  7 jackals (D:2)
  4 quokkas
  2 ball pythons (D:2)
  A frilled lizard (D:1)
  4 kobolds
  2 rats
50 creatures vanquished.

Notes
Turn   | Place    | Note
-------+----------+-------------------------------------------
     0 | D:1      | MisterAzrael the Hill Orc Fighter began the quest for the
                  | Orb.
     0 | D:1      | Reached XP level 1. HP: 19/19 MP: 1/1
    60 | D:1      | Found Moneopp's General Store.
   203 | D:1      | Reached XP level 2. HP: 27/27 MP: 2/2
   302 | D:1      | Found a faded altar of an unknown god.
   782 | D:2      | Reached XP level 3. HP: 33/33 MP: 3/3
  1475 | D:2      | Reached XP level 4. HP: 35/40 MP: 4/4
  1712 | D:2      | Found the +1 Delatra's gloves {ID++}
  1743 | D:2      | HP: 2/40 [something/puff of flame (8)]
  1744 | D:2      | Killed from afar by an orc wizard

Illustrated notes

Levels and vault maps discovered:
D:1:      lightli_arrival_statue_moat, layout_basic,
          shapermc_ecumenical_altar_venn, serial_shops, nicolae_shop_statue_plus
D:2:      minmay_door_path, layout_loops_corners, pf_guarded_unrand_delatra

Skill      XL: |  1  2  3 |
---------------+----------+-----
Axes           | 3 4 |  4.2
Fighting       | 4 |  4.0
Shields        | 4 |  4.3
Armour         | |  3.6

Action                     |  1- 3 |  4- 6 || total
---------------------------+-------+-------++-------
  Melee: War axe           |   123 |    30 ||   153
 Armour: Scale mail        |   109 |    40 ||   149
  Dodge: Dodged            |    72 |    10 ||    82
  Block: Buckler           |    36 |     3 ||    39

Table legend: (Time is in decaauts)
 A = Elapsed time spent in this place.
 B = Non-inter-level travel time spent in this place.
 C = Inter-level travel time spent in this place.
 D = Time resting spent in this place.
 E = Time spent auto-exploring this place.
 F = Levels seen in this place.
 G = Mean time per level.
                   A        B        C        D        E       F      G
               +--------+--------+--------+--------+--------+-----+--------+
         Total |   1798 |   1739 |     59 |      0 |   1376 |   2 |  899.0 |
       Dungeon |   1798 |   1739 |     59 |      0 |   1376 |   2 |  899.0 |
               +--------+--------+--------+--------+--------+-----+--------+

Top non-repeatable levels by time:
     D:2: 1127 daAuts
     D:1: 671 daAuts
